 Dungeon Crawl Stone Soup version 0.31.0 (webtiles) character file.

Game seed: 12798309643270459307

504 qw the Shooter (level 7, -9/44 HPs)
             Began as a Gargoyle Hunter on Jan 20, 2024.
             Mangled by an ogre
             ... wielding a +0 giant club
              (12 damage)
             ... on level 5 of the Dungeon.
             The game lasted 00:00:13 (3353 turns).

qw the Shooter (Gargoyle Hunter)                    Turns: 3353, Time: 00:00:14

Health: -9/44      AC: 12    Str: 12 (14) XL:     7   Next: 17%
Magic:  7/7        EV: 11    Int:  8 (10) God:
Gold:   138        SH:  5    Dex: 14 (15) Spells: 6/6 levels left

rFire   . . .        a - +0 shortbow
rCold   . . .        (shield currently unavailable)
rNeg    + . .        e - +3 leather armour
rPois   inf          g - +1 helmet
rElec   +            (no cloak)
rCorr   .            (no gloves)
SInv    .            (no boots)
Will    .....        b - amulet of reflection
Stlth   +            (no ring)
HPRegen 0.27/turn    (no ring)
MPRegen 0.10/turn

%: reflection
@: no status effects
A: sickness immunity, AC +4, negative energy resistance 1, electricity
resistance, torment resistance 1, petrification resistance
a: no special abilities


You were on level 5 of the Dungeon.
You visited 1 branch of the dungeon, and saw 5 of its levels.

You collected 138 gold pieces.


Innate Abilities, Weirdness & Mutations

You are immune to sickness and miasma.
Your stone body is resilient. (AC +4)
You are immune to poison.
You resist negative energy. (rN+)
You are resistant to electric shocks. (rElec)
You are resistant to unholy torment.
You are immune to petrification.


   Skills:
 - Level 5.3 Fighting
 + Level 6.9 Ranged Weapons
 - Level 1.0 Armour
 - Level 1.5 Dodging
 - Level 1.1 Stealth


You had 6 spell levels left.
You didn't know any spells.
Your spell library was empty.

Inventory:

Hand Weapons
 a - a +0 shortbow (weapon)
Armour
 e - a +3 leather armour (worn)
 g - a +1 helmet (worn)
Jewellery
 b - an amulet of reflection (around neck)
Potions
 c - 2 potions of lignification {unknown}
 h - a potion of haste
 i - 3 potions of curing

Dungeon Overview and Level Annotations

Branches:
Dungeon (5/15)
 Temple: D:4-7

Altars:

Shops:
D:1 !


Message History

The sleepcap releases spores at you.
You shoot an arrow.
The arrow hits the sleepcap but does no damage.
The sleepcap is severely damaged.
The sleepcap closely misses you.
You shoot an arrow. The arrow hits the sleepcap!
You destroy the sleepcap!
3305 ||| FLEEEEING.
You start resting.
You hear the hiss of an avalanche of sand nearby.
HP restored.
You see here 3 large rocks.
Found an escape hatch in the ceiling.
An ogre, a phantom and a ribbon worm come into view.
You shoot an arrow. The ogre shouts!
The arrow hits the phantom.
The phantom is lightly damaged.
You block the phantom's attack.
The phantom hits you but does no damage.
You shoot an arrow. The arrow closely misses the phantom.
The phantom hits you but does no damage.
The ogre hits you with a +0 giant club!!
You shoot an arrow. The arrow hits the phantom!
The phantom is heavily damaged.
You block the phantom's attack.
You shoot an arrow. The arrow hits the phantom.
The phantom is heavily damaged.
You block the ogre's attack.
The phantom hits you but does no damage.
You shoot an arrow. The arrow closely misses the phantom.
The phantom barely misses you.
The ogre hits you with a +0 giant club!!
Ouch! That really hurt!
You shoot an arrow.
The arrow hits the phantom but does no damage.
The phantom is heavily damaged.
The phantom hits you but does no damage.
The ogre hits you with a +0 giant club!
You die...

#.## #...# .....#
...... .....?####
......w..# #..WO.#
#@.# ####..#
#.....# ###...#
#...# ###...#
#.....#
##.##.......
#.#.###..###<#####


You could see an ogre, a phantom and a ribbon worm.

Vanquished Creatures
  Sigmund (D:2)
  A black bear (D:5)
  A bombardier beetle (D:2)
  2 sleepcaps
  An iguana (D:4)
  3 gnolls (D:2)
  2 adders
  4 dart slugs
  8 orcs (D:4)
  10 ball pythons
  12 endoplasms
  8 giant cockroaches
  9 goblins
  4 hobgoblins
  4 jackals (D:2)
  A quokka (D:1)
  3 bats
  6 frilled lizards
  8 kobolds
  3 rats
91 creatures vanquished.

Notes
Turn   | Place    | Note
-------+----------+-------------------------------------------
     0 | D:1      | qw the Gargoyle Hunter began the quest for the Orb.
     0 | D:1      | Reached XP level 1. HP: 12/12 MP: 1/1
     0 | D:1      | 0 ||| qw: Version: 0.3-a-132-g3d54051
     0 | D:1      | 0 ||| qw: Game counter: 441
     0 | D:1      | 0 ||| qw: Melee chars always use a shield: true
     0 | D:1      | 0 ||| qw: God list: Okawaru
     0 | D:1      | 0 ||| qw: Allow faded altars: false
     0 | D:1      | 0 ||| qw: Do Orc after clearing Dungeon:15 true
     0 | D:1      | 0 ||| qw: Do second Lair branch before Depths: true
     0 | D:1      | 0 ||| qw: Lair rune preference: random
     0 | D:1      | 0 ||| qw: Goals: Normal
     0 | D:1      | 0 ||| PLANNING D:1-11
    15 | D:1      | 15 ||| DROPPING scroll of butterflies.
    39 | D:1      | Found Addolisk's Distillery.
    46 | D:1      | 46 ||| SHOPLISTING potion of curing (33 gold, have 18).
    46 | D:1      | 46 ||| SHOPLISTING potion of enlightenment (55 gold, have
                  | 18).
    46 | D:1      | 46 ||| SHOPLISTING potion of might (44 gold, have 18).
    46 | D:1      | 46 ||| SHOPLISTING potion of mutation (88 gold, have 18).
    58 | D:1      | Reached XP level 2. HP: 15/17 MP: 2/2
   335 | D:1      | Reached XP level 3. HP: 21/21 MP: 3/3
   421 | D:1      | Reached skill level 5 in Ranged Weapons
   880 | D:1      | 880 ||| UPGRADING to +3 leather armour.
   890 | D:1      | 890 ||| DROPPING +0 leather armour.
   891 | D:1      | 891 ||| READING scroll labelled IJAOCR LONIU.
   891 | D:1      | 891 ||| ENCHANTING +0 shortbow.
   892 | D:1      | 892 ||| READING scroll labelled CAS CUAKHAEFF.
   900 | D:2      | Noticed Sigmund
   912 | D:2      | 912 ||| STAIRDANCE
   963 | D:2      | Killed Sigmund
   964 | D:2      | Reached XP level 4. HP: 15/31 MP: 4/4
   964 | D:2      | Reached XP level 5. HP: 17/35 MP: 5/5
   964 | D:2      | 964 ||| FLEEEEING.
   965 | D:2      | 965 ||| STAIRDANCE
  1319 | D:2      | Reached XP level 6. HP: 40/40 MP: 6/6
  1769 | D:2      | 1769 ||| UPGRADING to +0 helmet.
  1774 | D:2      | 1774 ||| READING scroll of enchant armour.
  1774 | D:2      | 1774 ||| ENCHANTING +0 helmet.
  1775 | D:2      | 1775 ||| READING 2 scrolls labelled KAN BOBISHU.
  1775 | D:2      | 1775 ||| IDENTIFYING smoky cyan potion
  1776 | D:2      | 1776 ||| READING scroll of identify.
  1776 | D:2      | 1776 ||| IDENTIFYING 2 golden potions
  1777 | D:2      | 1777 ||| READING scroll labelled FYORAITIYD.
  1778 | D:2      | 1778 ||| READING scroll labelled BODANI ALUTICO.
  2048 | D:3      | Reached skill level 6 in Ranged Weapons
  2582 | D:3      | 2582 ||| READING scroll of identify.
  2582 | D:3      | 2582 ||| IDENTIFYING puce potion
  2583 | D:3      | 2583 ||| READING scroll labelled LERGHA HAMEONI.
  2584 | D:3      | 2584 ||| DROPPING potion of invisibility.
  2678 | D:4      | Identified the +0 ring mail "Fukhleaqy" {rElec Str+4 Int-2}
  2709 | D:4      | Reached skill level 1 in Armour
  2709 | D:4      | 2709 ||| FLEEEEING.
  2713 | D:4      | 2713 ||| FLEEEEING.
  2714 | D:4      | 2714 ||| FLEEEEING.
  2715 | D:4      | 2715 ||| STAIRDANCE
  2768 | D:3      | 2768 ||| DROPPING +0 ring mail "Fukhleaqy" {rElec Str+4
                  | Int-2}.
  2769 | D:3      | 2769 ||| UPGRADING to amulet of reflection.
  2961 | D:4      | Identified the +0 hand axe "Gitea" {antimagic, rElec rF+
                  | rN+ Int-4}
  2975 | D:4      | 2975 ||| FLEEEEING.
  3099 | D:4      | 3099 ||| READING scroll labelled OFAIKL TINI.
  3100 | D:4      | 3100 ||| READING scroll labelled LEACRI ELEN.
  3101 | D:4      | 3101 ||| DRINKING 2 murky inky potions.
  3102 | D:4      | 3102 ||| DROPPING potion of degeneration.
  3113 | D:5      | Entered Level 5 of the Dungeon
  3114 | D:5      | 3114 ||| PLANNING OSSUARY
  3141 | D:5      | Noticed a black bear
  3158 | D:5      | Killed a black bear
  3159 | D:5      | Reached XP level 7. HP: 24/44 MP: 7/7
  3159 | D:5      | 3159 ||| FLEEEEING.
  3305 | D:5      | 3305 ||| FLEEEEING.
  3352 | D:5      | HP: 2/44 [ogre/+0 giant club (22)]
  3353 | D:5      | Mangled by an ogre

Levels and vault maps discovered:
D:1:      spicycebolla_arrival_clurvy, layout_basic, serial_rivers,
          chequers_serial_rivers_marsh, chequers_serial_rivers_large_b,
          chequers_serial_rivers_micro_e, chequers_serial_rivers_small_b,
          chequers_serial_rivers_micro_e, serial_shops, shop
D:2:      layout_loops_ring, uniq_sigmund
D:3:      layout_loops_corners
D:4:      layout_basic
D:5:      layout_loops_ring, nicolae_ossuary_entry_catacombs,
          chequers_serial_rivers_micro_b, nicolae_tricolors, uniq_eustachio

Skill      XL: |  1  2  3  4  5  6 |
---------------+-------------------+-----
Ranged Weapons | 5 6 |  6.9
Fighting       | 5 |  5.3
Armour         | 1 |  1.0
Dodging        | |  1.5
Stealth        | |  1.1

Action                     |  1- 3 |  4- 6 |  7- 9 || total
---------------------------+-------+-------+-------++-------
   Fire: Shortbow          |    99 |   191 |    20 ||   310
    Use: Scroll            |     2 |     9 |       ||    11
         Potion            |       |     1 |       ||     1
 Armour: Leather armour    |    24 |    73 |    12 ||   109
  Dodge: Dodged            |    21 |    71 |     2 ||    94
  Block: Other             |       |     8 |     8 ||    16

Table legend:
 A = Non-vault XP
 B = Vault XP
 C = Vault XP percentage of total XP
 D = Non-vault monster count
 E = Vault monster count
 F = Vault count percentage of total count
                 A         B        C        D         E       F
            +---------+---------+-------+---------+---------+-------
      Total |     506 |     214 |  29.7 |      90 |       1 |   1.1
            +---------+---------+-------+---------+---------+-------
        D:1 |      52 |       0 |   0.0 |      31 |       0 |   0.0
        D:2 |     171 |     214 |  55.6 |      26 |       1 |   3.7
        D:3 |       9 |       0 |   0.0 |       6 |       0 |   0.0
        D:4 |     103 |       0 |   0.0 |      25 |       0 |   0.0
        D:5 |     171 |       0 |   0.0 |       2 |       0 |   0.0
            +---------+---------+-------+---------+---------+-------
